 Dungeon Crawl Stone Soup version 0.22.1-2-g9c5b331 (webtiles) character file.

3072 thomasnlv21 the Fighter (level 9, -2/82 HPs)
             Began as a Minotaur Berserker on Nov 19, 2018.
             Was an Elder of Trog.
             Slain by an ice beast (3 damage)
             ... on level 8 of the Dungeon.
             The game lasted 00:21:28 (8283 turns).

thomasnlv21 the Fighter (Minotaur Berserker)        Turns: 8283, Time: 00:21:29

Health: -2/82      AC: 17    Str: 23    XL:     9   Next: 58%
Magic:  8/8        EV: 13    Int:  4    God:    Trog [****..]
Gold:   188        SH:  0    Dex: 16    Spells: 8/8 levels left

rFire    . . .     SeeInvis +   b - +0 war axe
rCold    . . .     Gourm    .   (no shield)
rNeg     + . .     Faith    .   u - +2 chain mail {rN+}
rPois    .         Spirit   .   (helmet restricted)
rElec    .         Reflect  .   o - scarf {cloud immunity}
rCorr    .         Harm     .   m - +0 pair of gloves
MR       .....                  h - +0 pair of boots
Stlth    +.........             (no amulet)
HPRegen  0.23/turn              j - ring of stealth
MPRegen  0.11/turn              w - ring of see invisible

@: berserk cooldown, slowed, very slow
A: retaliatory headbutt, horns 2, thin skeletal structure 2, yellow scales 1,
high mp 1
a: Berserk, Trog's Hand, Brothers in Arms, Renounce Religion


You were on level 8 of the Dungeon.
You worshipped Trog.
Trog was greatly pleased with you.
You were hungry.

You visited 2 branches of the dungeon, and saw 9 of its levels.

You collected 324 gold pieces.
You spent 136 gold pieces at shops.

Inventory:

Hand Weapons
 b - a +0 war axe (weapon)
 e - a +2 scythe of slicing
 p - a +3 spear
 t - the cursed +3 dagger of Wondrous Power {protect, +Fly Int-3 Dex+4, unknown}
   (You found it on level 7 of the Dungeon)

   It protects the one who uses it against injury (+AC on strike).
   It affects your intelligence (-3).
   It affects your dexterity (+4).
   It lets you fly.
   It has a curse placed upon it.
Armour
 h - a +0 pair of boots (worn)
 m - a +0 pair of gloves (worn)
 o - a scarf of cloud immunity (worn)
 u - a +2 chain mail of positive energy (worn)
Jewellery
 j - a ring of stealth (left hand)
 w - a ring of see invisible (right hand)
Wands
 a - a wand of iceblast (7)
 l - a wand of acid (7)
 s - a wand of flame (19)
Scrolls
 d - 4 scrolls of identify
 f - 2 scrolls of remove curse
 g - a scroll of immolation
 k - a scroll of teleportation
 r - a scroll of enchant weapon
Potions
 i - 2 potions of curing
 q - a potion of might
 v - a potion of cancellation
 x - a potion of mutation
Comestibles
 c - 8 rations
 n - 10 chunks of flesh


   Skills:
 + Level 8.5 Fighting
 + Level 8.5 Axes
 + Level 8.1 Armour
 + Level 7.4 Dodging
 + Level 3.2 Stealth


You had 8 spell levels left.
You didn't know any spells.
Your spell library was empty.

Dungeon Overview and Level Annotations

Branches:
Dungeon (8/15)             Temple (1/1) D:7            Lair (0/6) D:8

Altars:
Ashenzari
Cheibriados
Dithmenos
Elyvilon
Fedhas
Gozag
Hepliaklqana
Kikubaaqudgha
Makhleb
Nemelex Xobeh
Okawaru
Qazlal
Ru
Sif Muna
Trog
Uskayaw
Vehumet
Wu Jian
Xom
Yredelemnul
Zin
The Shining One

Shops:
D:4 [(!   D:7 (

Annotations:
D:4 2 transporters, raph's ghost, novice MiBe


Innate Abilities, Weirdness & Mutations

You reflexively headbutt those who attack you in melee.
You have a pair of horns on your head.
You have a moderately thin skeletal structure. (Dex +4, Stealth+)
You are partially covered in yellow scales. (AC +2)
You have an increased reservoir of magic. (+10% MP)


Message History

You completely miss the ice beast.
The ice beast is moderately wounded.
You barely miss the two-headed ogre.
The ice beast hits you but does no damage.
The warg barely misses you. You furiously retaliate!
You headbutt the warg.
The two-headed ogre hits you with a giant club.
The two-headed ogre hits you with a giant club!
* * * LOW HITPOINT WARNING * * *
The ice beast misses you. You furiously retaliate!
You headbutt the ice beast, but do no damage.
You slash the ice beast!
The ice beast is heavily wounded.
You barely miss the warg. You slash the two-headed ogre!
The warg completely misses you. You furiously retaliate!
You headbutt the warg. The warg bites you but does no damage.
The two-headed ogre hits you with a giant club!
* * * LOW HITPOINT WARNING * * *
The two-headed ogre hits you but does no damage.
The ice beast hits you.
You die...

#.......####
##.P.....#...
#......[...#
.###..........#
........>.....#
#..........#
#.....h....#
#..@Y)..#
#...O)..#
##.....##
##..†#########
##..........#
##.#.#####.#
#.#.# #.#.###
.#. #.#...#


You could see a two-headed ogre, a warg and an ice beast.

Vanquished Creatures
  A two-headed ogre (D:8)
  Grinder (D:3)
  2 wyverns (D:8)
  2 wargs (D:8)
  2 ice beasts
  A necrophage (D:5)
  A sky beast (D:4)
  A centaur (D:7)
  A big kobold (D:7)
  A bullfrog (D:7)
  A bullfrog zombie (D:6)
  A crimson imp (D:4)
  2 quasits
  A centaur zombie (D:5)
  2 jellies (D:6)
  4 orc priests
  A bullfrog skeleton (D:7)
  6 hounds
  5 orc wizards
  Ijyb (D:3)
  An iguana (D:5)
  A worker ant (D:6)
  A hound skeleton (D:6)
  16 adders
  8 gnolls
  A shadow imp (D:6)
  An ooze (D:3)
  2 adder skeletons
  2 adder zombies (D:6)
  2 worms
  3 dart slugs
  3 leopard geckos
  34 orcs
  4 ball pythons
  5 bats
  7 giant cockroaches
  7 goblins
  3 hobgoblins
  6 jackals
  9 kobolds
  5 quokkas
  9 rats
167 creatures vanquished.

Notes
Turn   | Place    | Note
-------+----------+-------------------------------------------
     0 | D:1      | thomasnlv21 the Minotaur Berserker began the quest for the
                  | Orb.
     0 | D:1      | Reached XP level 1. HP: 19/19 MP: 0/0
   479 | D:1      | Reached XP level 2. HP: 20/27 MP: 1/1
  1229 | D:2      | Reached XP level 3. HP: 23/33 MP: 2/2
  1556 | D:2      | Found a shattered altar of Ashenzari.
  1945 | D:2      | Reached XP level 4. HP: 21/40 MP: 3/3
  2585 | D:3      | Reached ** piety under Trog
  2721 | D:3      | Noticed Ijyb
  2726 | D:3      | Killed Ijyb
  2816 | D:3      | Reached XP level 5. HP: 30/47 MP: 4/4
  3308 | D:3      | Found a radiant altar of Vehumet.
  3308 | D:3      | Noticed Grinder
  3310 | D:3      | Found a snail-covered altar of Cheibriados.
  3314 | D:3      | Killed Grinder
  3314 | D:3      | Reached skill level 5 in Fighting
  3314 | D:3      | Reached skill level 5 in Axes
  3314 | D:3      | Reached XP level 6. HP: 56/56 MP: 5/5
  3786 | D:4      | Noticed a sky beast
  3801 | D:4      | Killed a sky beast
  3801 | D:4      | Reached *** piety under Trog
  3801 | D:4      | Reached skill level 5 in Armour
  3801 | D:4      | Reached XP level 7. HP: 29/62 MP: 6/6
  4025 | D:4      | Found a transporter.
  4027 | D:4      | Noticed raph's ghost (novice MiBe)
  4045 | D:4      | Found Woferhie's Antique Armour Shoppe.
  4130 | D:4      | Found a transporter.
  4203 | D:4      | Found Efroh Jirra's Weapon Shoppe.
  4356 | D:4      | Found Mujo's Distillery.
  4425 | D:4      | Found a glowing golden altar of the Shining One.
  4433 | D:4      | Found a stormy altar of Qazlal.
  5003 | D:4      | Bought a runed scarf for 136 gold pieces
  5054 | D:5      | Entered Level 5 of the Dungeon
  5109 | D:5      | Reached skill level 5 in Dodging
  5540 | D:5      | Reached XP level 8. HP: 71/71 MP: 7/7
  6252 | D:6      | Reached **** piety under Trog
  6805 | D:7      | Got an iridescent dagger
  6831 | D:7      | Gained mutation: You have a somewhat thin skeletal
                  | structure. (Dex +2, Stealth) [potion of mutation]
  6831 | D:7      | Gained mutation: You have an increased reservoir of magic.
                  | (+10% MP) [potion of mutation]
  6831 | D:7      | Gained mutation: You are partially covered in yellow
                  | scales. (AC +2) [potion of mutation]
  6831 | D:7      | Gained mutation: You have a moderately thin skeletal
                  | structure. (Dex +4, Stealth+) [potion of mutation]
  6853 | D:7      | Found Arilaki's Weapon Boutique.
  6894 | D:7      | Found an iron altar of Okawaru.
  7034 | D:7      | Reached skill level 1 in Stealth
  7170 | D:7      | Found a staircase to the Ecumenical Temple.
  7665 | Temple   | Entered the Ecumenical Temple
  8220 | D:8      | Reached XP level 9. HP: 81/81 MP: 8/8
  8267 | D:8      | Found a staircase to the Lair.
  8268 | D:8      | Noticed a two-headed ogre
  8270 | D:8      | Noticed a two-headed ogre
  8280 | D:8      | Killed a two-headed ogre
  8283 | D:8      | HP: 1/82 [two-headed ogre/giant club (15)]
  8283 | D:8      | Slain by an ice beast

Skill      XL: |  1  2  3  4  5  6  7  8  9 |
---------------+----------------------------+-----
Axes           | 4 5 6 7 8 |  8.5
Fighting       | 4 5 6 7 8 |  8.5
Armour         | 3 4 5 6 7 8 |  8.1
Dodging        | 3 4 5 6 7 |  7.4
Stealth        | 2 3 |  3.2

Action                   |  1- 3 |  4- 6 |  7- 9 || total
-------------------------+-------+-------+-------++-------
Melee: Hand axe          |    73 |   102 |     3 ||   178
       Headbutt          |     4 |    13 |    29 ||    46
       War axe           |       |       |   173 ||   173
Invok: Berserk           |       |     4 |     5 ||     9
  Use: Scroll            |     4 |     3 |     6 ||    13
       Potion            |       |     5 |     3 ||     8
 Stab: Sleeping          |       |       |     1 ||     1
  Eat: Chunk             |     3 |    10 |    11 ||    24
       Ration            |       |       |     2 ||     2
Armor: Animal skin       |    12 |       |       ||    12
       Leather armour    |     6 |    19 |       ||    25
       Scale mail        |       |    16 |    94 ||   110
       Chain mail        |       |       |    14 ||    14
Dodge: Dodged            |    50 |    76 |   165 ||   291
